 Dungeon Crawl Stone Soup version 0.17-a0-1310-gaf4f4d6 (webtiles) character file.

33 Max123 the Skirmisher (level 3, -2/34 HPs)
             Began as a Minotaur Berserker on June 8, 2015.
             Was a Believer of Trog.
             Slain by an adder (5 damage)
             ... on level 2 of the Dungeon.
             The game lasted 00:16:01 (2019 turns).

Max123 the Skirmisher (Minotaur Berserker)          Turns: 2019, Time: 00:16:01

Health: -2/34      AC:  4    Str: 21    XL:     3   Next: 12%
Magic:  2/2        EV: 12    Int:  5    God:    Trog [**....]
Gold:   84         SH:  0    Dex:  9    Spells: 0 memorised, 2 levels left

rFire  . . .     SeeInvis .     a - +0 hand axe
rCold  . . .     Clarity  .     b - +0 animal skin
rNeg   . . .     SustAt   .     (no shield)
rPois  .         Gourm    .     (helmet restricted)
rElec  .         Spirit   .     (no cloak)
rCorr  .         Warding  .     (no gloves)
rMut   .         Stasis   .     (no boots)
MR     +....                    (no amulet)
Stlth  +.........               g - ring of protection from magic
                                f - +2 ring of protection

@: lethally poisoned (-2 -> -7), somewhat resistant to hostile enchantments,
very unstealthy
A: retaliatory headbutt, horns 2
a: Burn Spellbooks, Berserk, Trog's Hand, Renounce Religion


You were on level 2 of the Dungeon.
You worshipped Trog.
Trog was pleased with you.
You were very hungry.

You visited 1 branch of the dungeon, and saw 2 of its levels.

You collected 84 gold pieces.

Inventory:

Hand weapons
 a - a +0 hand axe (weapon)
Missiles
 l - 97 stones (quivered)
Armour
 b - a +0 animal skin (worn)
Jewellery
 f - a +2 ring of protection (left hand)
 g - a ring of protection from magic (right hand)
Scrolls
 d - a scroll of immolation {unknown}
 j - a scroll of teleportation {unknown}
 m - 2 scrolls of fear {unknown}
 n - a scroll of identify {unknown}
 q - a scroll of amnesia {unknown}
 t - a scroll of recharging {unknown}
Potions
 e - a potion of flight {unknown}
 h - a potion of agility
 i - a potion of invisibility {unknown}
 o - a potion of degeneration {unknown}
 s - a potion of resistance {unknown}
Comestibles
 c - 2 bread rations
 p - a beef jerky


   Skills:
 + Level 4.3 Fighting
 + Level 4.2 Axes
 + Level 2.7 Armour
 - Level 2.1 Dodging
 + Level 0.3 Stealth


You had 2 spell levels left.
You didn't know any spells.

Dungeon Overview and Level Annotations

Branches:
Dungeon (2/15)

Altars:


Innate Abilities, Weirdness & Mutations

You reflexively headbutt those who attack you in melee.
You have a pair of horns on your head.


Message History

* * * LOW HITPOINT WARNING * * *
You are poisoned.
The adder poisons you!
The gnoll hits you from afar with a spear.
* * * LOW HITPOINT WARNING * * *
You feel sick. The adder bites you.
* * * LOW HITPOINT WARNING * * *
You are lethally poisoned!
The adder poisons you!
You are too injured to fight recklessly!
You are too injured to fight recklessly!
You are too injured to fight recklessly!
You are too injured to fight recklessly!
You are too injured to fight recklessly!
You completely miss the adder. Your headbutt misses the adder.
* * * LOW HITPOINT WARNING * * *
You feel sick. The adder bites you but does no damage.
The adder barely misses you.
You hit the adder but do no damage. The adder bites you.
You die...

##.#≈.≈≈≈≈≈≈≈≈≈≈
##≈≈≈≈≈≈.≈≈≈.≈≈≈.
#≈≈.#≈≈≈#≈≈≈#≈≈≈#
##≈.###.###.###.## #.###
#....#...#...#...#
#....###......)..........
#....g.g.................
#....g.#Sg...............
#....###@................
#.#### #≈...#...#...#...#
≈ #≈≈≈###.###.###.## .
##.≈≈#≈≈≈#≈≈≈#≈≈≈# ...#
##.≈≈≈≈≈.≈≈≈.≈≈≈≈ ...#.#
.P≈≈≈≈≈≈≈≈≈≈≈P. ...#.#
##..≈≈≈≈P.≈≈≈P.. ...#.#
#..P≈P.......#P ...#.#


You could see 2 gnolls and an adder.

Vanquished Creatures
  A worm (D:2)
  2 giant geckos
  4 bats
  A giant cockroach (D:1)
  3 goblins (D:1)
  2 hobgoblins (D:1)
  3 giant newts (D:2)
  7 kobolds
  6 rats
29 creatures vanquished.

Notes
Turn   | Place    | Note
--------------------------------------------------------------
     0 | D:1      | Max123 the Minotaur Berserker began the quest for the Orb.
     0 | D:1      | Reached XP level 1. HP: 19/19 MP: 0/0
   327 | D:1      | Reached XP level 2. HP: 21/27 MP: 1/1
   330 | D:1      | Reached skill level 4 in Axes
  1540 | D:2      | Reached XP level 3. HP: 32/34 MP: 2/2
  1682 | D:2      | Acquired Trog's second power
  2019 | D:2      | Slain by an adder

Vault maps used:
D:1:      erik_arrival_cave_to_civilisation
D:2:      wad_lake_hut

Action                   || total
-------------------------++-------
Melee: Hand axe          ||    56
 Stab: Sleeping          ||     1
  Eat: Chunk             ||     2
